 Dungeon Crawl Stone Soup version 0.22.1-2-g9c5b331 (webtiles) character file.

4714 HerrDoktor the Cleaver (level 10, -1/86 HPs)
             Began as a Hill Orc Berserker on Dec 27, 2018.
             Was a High Priest of Trog.
             Slain by a spiny frog (14 damage)
             ... on level 1 of the Lair of Beasts on Dec 28, 2018.
             The game lasted 00:41:14 (9555 turns).

HerrDoktor the Cleaver (Hill Orc Berserker)         Turns: 9555, Time: 00:41:15

Health: -1/86      AC: 15    Str: 23    XL:     10   Next: 45%
Magic:  0/10       EV:  8    Int:  7    God:    Trog [*****.]
Gold:   866        SH:  6    Dex: 11    Spells: 9/9 levels left

rFire    x . .     SeeInvis .   C - +0 broad axe
rCold    + . .     Gourm    .   t - +2 buckler
rNeg     + . .     Faith    .   w - +0 plate armour
rPois    .         Spirit   +   n - +2 hat of the Bear Spirit {Spirit, +Rage rN+ MR++}
rElec    .         Reflect  .   (no cloak)
rCorr    .         Harm     .   (no gloves)
MR       ++++.                  (no boots)
Stlth    ..........             (no amulet)
HPRegen  1.24/turn              s - ring of ice
MPRegen  0.12/turn              (no ring)

@: lethally poisoned (-1 -> -7), starving, regenerating
A: no striking features
a: Berserk, Trog's Hand, Brothers in Arms, Renounce Religion, Evoke Berserk Rage


You were on level 1 of the Lair of Beasts.
You worshipped Trog.
Trog was extremely pleased with you.
You were starving.

You visited 2 branches of the dungeon, and saw 9 of its levels.
You also visited: Bailey.

You collected 942 gold pieces.
You spent 76 gold pieces at shops.

Inventory:

Hand Weapons
 b - a +0 war axe
 y - a +4 hand axe
 C - a +0 broad axe (weapon)
Missiles
 a - 4 steel javelins
 j - 2 javelins
 B - 40 tomahawks of returning (quivered)
Armour
 k - a +0 chain mail
 n - the +2 hat of the Bear Spirit (worn) {Spirit, +Rage rN+ MR++}
   (You found it on level 7 of the Dungeon)

   It protects you from negative energy.
   It affects your resistance to hostile enchantments.
   It lets you go berserk.
 o - a +0 scale mail
 t - a +2 buckler (worn)
 w - a +0 plate armour (worn)
Jewellery
 s - a ring of ice (left hand)
 E - an uncursed ring of stealth {unknown}
Wands
 r - a wand of flame (31)
Scrolls
 f - 5 scrolls of identify
 i - 2 scrolls of remove curse
 m - 3 scrolls of magic mapping
 q - 3 scrolls of teleportation
 v - a scroll of acquirement {unknown}
Potions
 d - 2 potions of flight
 e - 2 potions of mutation
 g - 2 potions of agility
 h - a potion of brilliance
 l - 3 potions of might
 p - a potion of ambrosia {unknown}
 u - a potion of haste
 z - a potion of berserk rage
 A - a potion of lignification
Miscellaneous
 x - a box of beasts
Comestibles
 c - 10 rations
 D - 4 chunks of flesh


   Skills:
 + Level 7.5 Fighting
 * Level 14.5 Axes
 + Level 7.6 Armour
 - Level 2.6 Dodging
 - Level 4.0 Shields
 + Level 0.6 Evocations


You had 9 spell levels left.
You didn't know any spells.
Your spell library was empty.

Dungeon Overview and Level Annotations

Branches:
Dungeon (8/15)             Temple (0/1) D:4            Lair (1/6) D:8

Altars:
Dithmenos
Makhleb
Nemelex Xobeh
Qazlal
Sif Muna
Trog
Uskayaw
Wu Jian
Yredelemnul
The Shining One

Shops:
D:5 *   D:8 *


Message History

Your plate armour prevents you from hitting the spiny frog.
The spiny frog stings you!
* * * LOW HITPOINT WARNING * * *
You are poisoned.
The spiny frog poisons you!
You barely miss the spiny frog.
You feel sick. The spiny frog closely misses you.
Your plate armour prevents you from hitting the spiny frog.
You feel sick. The spiny frog stings you.
* * * LOW HITPOINT WARNING * * *
You are more poisoned.
The spiny frog poisons you!
Your skin crawls.
You feel resistant to hostile enchantments.
You are starving!
You feel sick. The spiny frog closely misses you.
You closely miss the spiny frog.
You feel very sick. The spiny frog stings you!
You die...

##. #.....####.
#.....##...
#..........
##..†.....#.
#...........
##.......... ###
#.....##...
#.#####F...# #..
##......@..## .. .
######........#.#
.###.#...............
.P#..................#
.......##..........#.#
.#...P#.#............#
#................###.#
................... .#
.............#......


You could see a spiny frog.

Vanquished Creatures
  A komodo dragon (D:8)
  A hornet (D:7)
  The ghost of edgar the Caller, an amateur OpSu (D:4)
  Eustachio (D:6)
  2 wargs (Lair:1)
  A porcupine (Lair:1)
  6 orc warriors
  2 sky beasts
  3 ogres
  2 phantoms
  8 wolves (Lair:1)
  A crocodile (Lair:1)
  4 bullfrogs
  A scorpion (D:8)
  5 killer bees (D:7)
  6 howler monkeys
  4 crimson imps
  3 hounds
  Jessica (D:3)
  An iguana (D:6)
  8 worker ants
  3 orc wizards
  2 hound skeletons (D:4)
  A worker ant zombie (D:8)
  7 gnolls
  11 adders
  A shadow imp (D:7)
  An ooze (D:3)
  2 adder zombies
  An adder skeleton (D:6)
  4 worms
  2 dart slugs
  6 leopard geckos
  23 orcs
  3 giant cockroaches
  15 goblins
  14 hobgoblins
  6 jackals
  21 kobolds
  8 quokkas
  2 ball pythons (D:4)
  11 bats
  8 frilled lizards
  A jackal skeleton (D:7)
  2 leopard gecko zombies
  3 rats
220 creatures vanquished.

Vanquished Creatures (others)
  2 plants
2 creatures vanquished.

Grand Total: 222 creatures vanquished

Notes
Turn   | Place    | Note
-------+----------+-------------------------------------------
     0 | D:1      | HerrDoktor the Hill Orc Berserker began the quest for the
                  | Orb.
     0 | D:1      | Reached XP level 1. HP: 19/19 MP: 1/1
   118 | D:1      | Reached XP level 2. HP: 27/27 MP: 2/2
   691 | D:1      | Reached XP level 3. HP: 30/33 MP: 3/3
   842 | D:1      | Reached ** piety under Trog
  1357 | D:2      | Reached skill level 5 in Axes
  1852 | D:2      | Reached XP level 4. HP: 41/41 MP: 4/4
  1947 | D:2      | Found a deep blue altar of Sif Muna.
  1948 | D:2      | Found a hide-covered altar of Uskayaw.
  2665 | D:3      | Noticed Jessica
  2667 | D:3      | Killed Jessica
  2667 | D:3      | Reached XP level 5. HP: 47/47 MP: 5/5
  2673 | D:3      | Reached skill level 6 in Axes
  3067 | D:3      | Found a bloodstained altar of Trog.
  3126 | D:3      | Reached *** piety under Trog
  3571 | D:4      | Noticed a sky beast
  3594 | D:3      | Killed a sky beast
  3594 | D:3      | Reached skill level 7 in Axes
  3594 | D:3      | Reached XP level 6. HP: 25/55 MP: 6/6
  3836 | D:4      | Reached skill level 5 in Fighting
  4066 | D:4      | Found a runed door.
  4067 | D:4      | Noticed edgar's ghost (amateur OpSu)
  4082 | D:4      | Killed edgar's ghost
  4082 | D:4      | Reached XP level 7. HP: 61/61 MP: 7/7
  4165 | D:4      | Reached skill level 8 in Axes
  4360 | D:4      | Reached **** piety under Trog
  4446 | D:4      | Found a staircase to the Ecumenical Temple.
  4522 | D:4      | Reached skill level 5 in Armour
  4843 | D:5      | Entered Level 5 of the Dungeon
  4954 | D:5      | Found a stormy altar of Qazlal.
  5088 | D:5      | Found a shadowy altar of Dithmenos.
  5387 | D:5      | Found a deep blue altar of Sif Muna.
  5594 | D:5      | Found Jukhi's Assorted Antiques.
  5598 | D:5      | Reached skill level 9 in Axes
  5598 | D:5      | Reached XP level 8. HP: 69/69 MP: 8/8
  5607 | D:5      | Bought a scroll labeled QUIKLI IBBEATA for 19 gold pieces
  5607 | D:5      | Bought a scroll labeled QOSTEG PUJEKLI for 19 gold pieces
  5607 | D:5      | Bought 2 scrolls labeled GUNEWO YMNIAVE for 38 gold pieces
  5752 | D:6      | Noticed Eustachio
  5766 | D:6      | Killed Eustachio
  5893 | D:6      | Found an ornate altar of the Wu Jian Council.
  5981 | D:6      | Found a burning altar of Makhleb.
  6278 | D:6      | Found a sparkling altar of Nemelex Xobeh.
  6405 | D:7      | Found the +2 hat of the Bear Spirit {Spirit, +Rage rN+
                  | MR++}
  6504 | D:7      | Reached skill level 10 in Axes
  6805 | D:7      | Found a flagged portal.
  6860 | Bailey   | Entered a bailey
  6893 | Bailey   | Reached skill level 1 in Shields
  6905 | Bailey   | Reached skill level 11 in Axes
  6927 | Bailey   | Reached XP level 9. HP: 35/75 MP: 3/9
  7408 | D:7      | Noticed a hornet
  7427 | D:7      | Paralysed by a hornet for 1 turns
  7436 | D:7      | Killed a hornet
  7760 | D:7      | Found a glowing golden altar of the Shining One.
  7762 | D:7      | Noticed an angel
  7771 | D:7      | Found a basalt altar of Yredelemnul.
  7822 | D:7      | Paralysed by fainting for 12 turns
  7854 | D:7      | Reached ***** piety under Trog
  7854 | D:7      | Reached skill level 12 in Axes
  7894 | D:7      | Noticed a profane servitor
  8362 | D:8      | Found Caechot's Assorted Antiques.
  8702 | D:8      | Reached skill level 13 in Axes
  8841 | D:8      | Reached XP level 10. HP: 81/86 MP: 10/10
  9120 | D:8      | Found a staircase to the Lair.
  9400 | Lair:1   | Entered Level 1 of the Lair of Beasts
  9505 | Lair:1   | Reached skill level 14 in Axes
  9533 | Lair:1   | Noticed a spiny frog
  9555 | Lair:1   | Slain by a spiny frog

Skill      XL: |  1  2  3  4  5  6  7  8  9 10 |
---------------+-------------------------------+-----
Fighting       | 4 5 6 7 |  7.5
Axes           | 5 7 9 11 13 14 | 14.5
Dodging        | 2 |  2.6
Armour         | 3 4 5 6 7 |  7.6
Shields        | 1 4 |  4.0
Evocations     | |  0.6

Action                   |  1- 3 |  4- 6 |  7- 9 | 10-12 || total
-------------------------+-------+-------+-------+-------++-------
Melee: Hand axe          |   147 |   172 |    34 |       ||   353
       War axe           |       |       |   247 |       ||   247
       Broad axe         |       |       |   204 |    84 ||   288
Throw: Javelin           |       |     3 |    10 |       ||    13
       Tomahawk          |       |       |    21 |    11 ||    32
Invok: Berserk           |     3 |     6 |     5 |     1 ||    15
       Trog's Hand       |       |       |     4 |     2 ||     6
Evoke: Wand              |       |       |     9 |       ||     9
  Use: Scroll            |       |     8 |     9 |       ||    17
       Potion            |       |     1 |     3 |       ||     4
 Stab: Sleeping          |     1 |       |       |       ||     1
  Eat: Chunk             |     5 |     9 |    16 |     2 ||    32
       Ration            |       |     1 |     2 |       ||     3
Armor: Animal skin       |    43 |     5 |       |       ||    48
       Ring mail         |       |    19 |       |       ||    19
       Scale mail        |       |       |    17 |       ||    17
       Chain mail        |       |       |    52 |       ||    52
       Plate armour      |       |       |   212 |    57 ||   269
Dodge: Dodged            |    98 |    86 |   192 |    42 ||   418
Block: Buckler           |       |       |   128 |    32 ||   160
